 Dungeon Crawl Stone Soup version 0.21.1-1-g345015fe64 (webtiles) character file.

52274 Norri the Severer (level 14, -10/199 HPs)
             Began as a Minotaur Monk on Apr 1, 2018.
             Was a High Priest of Okawaru.
             Killed from afar by an orc sorcerer (30 damage)
             ... with a bolt of negative energy
             ... on level 2 of the Orcish Mines.
             The game lasted 01:49:44 (15809 turns).

Norri the Severer (Minotaur Monk)                  Turns: 15809, Time: 01:49:45

Health: -10/199    AC: -1    Str: 32    XL:     14   Next: 26%
Magic:  16/17      EV: 12    Int:  7    God:    Okawaru [*****.]
Gold:   1794       SH:  0    Dex: 14    Spells: 13/13 levels left

rFire    + . .     SeeInvis .   n - +0 whip (elec)
rCold    . . .     Gourm    .   (no shield)
rNeg     . . .     Faith    .   e - +1 plate armour {rPois}
rPois    +         Spirit   .   (helmet restricted)
rElec    .         Reflect  .   a - +0 cloak {rPois}
rCorr    .         Harm     .   v - +2 pair of gloves {Str+3}
MR       +....                  P - +0 pair of boots
Stlth    ..........             g - amulet of regeneration
HPRegen  0.83/turn              W - ring of protection from fire
MPRegen  0.15/turn              i - +4 ring of strength

@: berserking, lethally poisoned (-10 -> -10), heroism, corroded, heavily
drained, very quick
A: retaliatory headbutt, horns 2
a: Heroism, Finesse, Renounce Religion


You were on level 2 of the Orcish Mines.
You worshipped Okawaru.
Okawaru was extremely pleased with you.
You were not hungry.

You visited 3 branches of the dungeon, and saw 18 of its levels.

You collected 1794 gold pieces.

Inventory:

Hand Weapons
 n - a +0 whip of electrocution (weapon)
 U - a +2 battleaxe of freezing
Armour
 a - a +0 cloak of poison resistance (worn)
 e - a +1 plate armour of poison resistance (worn)
 o - a +3 scale mail of fire resistance
 v - a +2 pair of gloves of strength (worn)
 P - a +0 pair of boots (worn)
Jewellery
 g - an amulet of regeneration (around neck)
 i - a +4 ring of strength (right hand)
 t - an uncursed ring of stealth
 u - an uncursed ring of fire
 T - a +6 ring of intelligence
 W - a ring of protection from fire (left hand)
Wands
 h - a wand of scattershot (5)
 y - a wand of enslavement (5)
 I - a wand of disintegration (10)
 J - a wand of polymorph (29)
 L - a wand of digging (14)
 M - a wand of paralysis (7)
 O - a wand of flame (24)
Scrolls
 j - 2 scrolls of magic mapping
 k - 8 scrolls of teleportation
 l - a scroll of fear {unknown}
 r - 3 scrolls of blinking {unknown}
 x - 2 scrolls of enchant armour {unknown}
 B - 2 scrolls of fog {unknown}
 C - a scroll of enchant weapon {unknown}
 D - 5 scrolls of amnesia {unknown}
 F - 3 scrolls of identify
 G - a scroll of summoning {unknown}
 H - a scroll of immolation {unknown}
 K - 4 scrolls of remove curse
 Q - a scroll of random uselessness {unknown}
 V - a scroll of brand weapon {unknown}
Potions
 b - a potion of ambrosia {unknown}
 d - 4 potions of curing
 f - 3 potions of lignification
 m - 6 potions of flight
 p - 2 potions of magic
 q - 3 potions of agility
 s - 3 potions of haste
 z - 3 potions of mutation
 N - a potion of might {unknown}
Books
 w - a book of Conjurations

   Spells                             Type                      Level
   a - Magic Dart                     Conjuration                  1
   b - Searing Ray                    Conjuration                  2
   c - Dazzling Spray                 Conjuration/Hexes            3
   d - Fulminant Prism                Conjuration/Hexes            4
   e - Force Lance                    Conjuration/Translocation    4
   f - Iskenderun's Mystic Blast      Conjuration                  4
 R - a book of Clouds

   Spells                             Type                      Level
   a - Poisonous Vapours              Poison/Air                   2
   b - Mephitic Cloud                 Conjuration/Poison/Air       3
   c - Conjure Flame                  Conjuration/Fire             3
   d - Freezing Cloud                 Conjuration/Ice/Air          6
   e - Ring of Flames                 Charms/Fire                  7
Comestibles
 c - 36 rations
 A - 8 chunks of flesh


   Skills:
 + Level 14.6(17.5) Fighting
 * Level 19.3(22.0) Axes
 + Level 14.1(17.1) Armour
 - Level 3.2(6.6) Dodging
 - Level 1.5(5.0) Stealth
 + Level 5.8(4.3) Invocations


You had 13 spell levels left.
You didn't know any spells.

Dungeon Overview and Level Annotations

Branches:
Dungeon (15/15)            Temple (1/1) D:5            Lair (0/6) D:11
    Orc (2/2) D:12            Elf (0/3) Orc:2        Vaults (0/5) D:14
 Depths (0/5) D:15

Altars:
Ashenzari
Cheibriados
Dithmenos
Fedhas
Gozag
Hepliaklqana
Kikubaaqudgha
Makhleb
Nemelex Xobeh
Okawaru
Qazlal
Ru
Sif Muna
Trog
Vehumet
Wu Jian
Xom
Yredelemnul
Zin
The Shining One
Beogh

Shops:
D:5 !   D:7 [   D:12 *   D:13 *   D:15 (   Orc:2 :


Innate Abilities, Weirdness & Mutations

You reflexively headbutt those who attack you in melee.
You have a pair of horns on your head.


Message History

You headbutt the orc sorcerer, but do no damage.
The orc sorcerer is heavily wounded.
You feel sick. The orc sorcerer barely misses you. You furiously retaliate!
You headbutt the orc sorcerer, but do no damage.
You feel much better.
You feel sick. The orc warrior barely misses you.
The orc warrior hits you with a scimitar!
* * * LOW HITPOINT WARNING * * *
The orc sorcerer hits you with a dagger of venom.
* * * LOW HITPOINT WARNING * * *
Something hits you.
* * * LOW HITPOINT WARNING * * *
A red film seems to cover your vision as you go berserk!
You feel yourself moving faster!
You feel mighty!
You feel sick. The orc warrior hits you with a flail.
* * * LOW HITPOINT WARNING * * *
The orc warrior hits you with a scimitar!
* * * LOW HITPOINT WARNING * * *
The orc sorcerer points at you and mumbles some strange words.
The bolt of negative energy hits you!
You feel drained.
You die...

##........# +........###
.........# #..........#
........#####........<..
... #.........##......#
#..#.......#######...#
#.#......(...###...##
#............##......
8..#..[o..##..........##
...'.oo@.#####......#.#
..##..o### ##.........#
#...o #.#...###..#
......# ####<..# ...
#...oo #.### .# #.....
### .. ..... ....#


You could see an orc sorcerer, 2 orc warriors, 3 orc wizards and an orc.

Vanquished Creatures
  The ghost of BorisKarlOrff the Cleaver, an adept GrBe of Trog (D:14)
  A stone giant (Orc:2)
  Azrael (Orc:2)
  8 vault guards (D:14)
  9 two-headed ogres
  A hydra (D:14)
  A catoblepas (D:15)
  5 centaur warriors
  6 death yaks (D:11)
  A skeletal warrior (D:15)
  The ghost of BrokenGlass the Fighter, a novice OpWn of Xom (D:8)
  An unseen horror (D:15)
  A flayed ghost (D:15)
  A wizard (D:15)
  3 deep elf magi
  An orc knight (Orc:1)
  A necromancer (D:15)
  An ugly thing (D:13)
  A manticore (D:12)
  2 orc sorcerers (Orc:2)
  A stone giant zombie (D:15)
  3 cyclopes
  Maurice (D:8)
  3 centaur zombies
  4 gargoyles
  A yaktaur zombie (D:15)
  A kobold demonologist (D:15)
  A tengu conjurer (D:15)
  A guardian mummy (D:15)
  5 trolls
  An ice dragon zombie (D:15)
  3 hippogriffs
  A hornet (D:12)
  A tarantella (shapeshifter) (D:13)
  A spriggan skeleton (D:15)
  3 wraiths
  A wyvern (D:13)
  4 fire elementals (Orc:2)
  A yak (D:9)
  A human (D:9)
  The ghost of crossborder the Slasher, an amateur DrWr (D:4)
  3 hogs (D:9)
  9 vampire mosquitoes
  Menkaure (D:5)
  Edmund (D:4)
  3 wargs
  Duvessa (D:4)
  4 hell hounds (Orc:2)
  2 water moccasins
  3 black bears
  8 ice beasts
  24 orc warriors
  2 sky beasts
  A phantom (D:9)
  11 ogres
  2 necrophages
  28 centaurs
  A crocodile (D:12)
  A big kobold (D:6)
  Blork the orc (D:4)
  14 bullfrogs
  A gnoll sergeant (D:9)
  Dowan (D:4)
  A wyvern skeleton (D:13)
  3 scorpions
  4 killer bees (D:11)
  9 wights
  6 howler monkeys
  A bullfrog zombie (D:10)
  2 quasits
  8 crimson imps
  4 bullfrog skeletons
  2 hounds
  5 jellies
  29 orc wizards
  18 orc priests
  4 centaur skeletons
  A gnoll shaman (D:6)
  Terence (D:2)
  2 iguanas
  Natasha (twice) (D:2)
  8 worker ants
  A hound skeleton (D:8)
  4 worker ant zombies
  A howler monkey zombie (D:7)
  A howler monkey skeleton (D:11)
  10 gnolls
  17 adders
  2 shadow imps
  2 oozes
  2 worms
  2 dart slugs (D:1)
  9 leopard geckos
  98 orcs
  2 giant cockroaches
  12 goblins
  7 hobgoblins
  9 jackals
  13 kobolds
  4 quokkas
  2 ball pythons (D:4)
  A bat (D:3)
  4 frilled lizards
  A jackal zombie (D:5)
  A leopard gecko skeleton (D:5)
  10 rats
  A withered plant (D:15)
534 creatures vanquished.

Vanquished Creatures (collateral kills)
  A gnoll (Orc:1)
  An orc (Orc:1)
2 creatures vanquished.

Vanquished Creatures (others)
  A gnoll sergeant (Orc:1)
1 creature vanquished.

Grand Total: 537 creatures vanquished

Notes
Turn   | Place    | Note
-------+----------+-------------------------------------------
     0 | D:1      | Norri the Minotaur Monk began the quest for the Orb.
     0 | D:1      | Reached XP level 1. HP: 19/19 MP: 0/0
    86 | D:1      | Reached skill level 4 in Axes
    94 | D:1      | Reached XP level 2. HP: 21/27 MP: 1/1
   181 | D:1      | Reached skill level 1 in Armour
   898 | D:2      | Reached XP level 3. HP: 14/33 MP: 2/2
  1129 | D:2      | Noticed Natasha
  1134 | D:2      | Killed Natasha
  1158 | D:2      | Found a bloodstained altar of Trog.
  1249 | D:2      | Reached XP level 4. HP: 36/41 MP: 3/3
  1257 | D:2      | Reached skill level 5 in Axes
  1372 | D:2      | Noticed a necrophage
  1387 | D:2      | Killed a necrophage
  1387 | D:2      | Reached XP level 5. HP: 26/46 MP: 4/4
  1440 | D:2      | Found a burning altar of Makhleb.
  1512 | D:2      | Noticed Natasha
  1522 | D:2      | Noticed Terence
  1534 | D:2      | Killed Natasha
  1545 | D:2      | Killed Terence
  1746 | D:3      | Reached skill level 6 in Axes
  1797 | D:3      | Found a shadowy altar of Dithmenos.
  1811 | D:3      | Reached skill level 5 in Fighting
  2206 | D:3      | Found a bloodstained altar of Trog.
  2286 | D:4      | Noticed crossborder's ghost (amateur DrWr)
  2333 | D:4      | Killed crossborder's ghost
  2333 | D:4      | Reached XP level 6. HP: 28/55 MP: 5/5
  2343 | D:4      | Noticed Edmund
  2353 | D:4      | Killed Edmund
  2353 | D:4      | Reached skill level 7 in Axes
  2449 | D:4      | Reached XP level 7. HP: 50/61 MP: 6/6
  2810 | D:4      | Noticed Dowan
  2812 | D:4      | Noticed Duvessa
  2824 | D:4      | Killed Duvessa
  2824 | D:4      | Reached skill level 8 in Axes
  2834 | D:4      | Killed Dowan
  2834 | D:4      | Reached skill level 5 in Armour
  2893 | D:4      | Noticed Blork the orc
  2898 | D:4      | Killed Blork the orc
  3189 | D:4      | Found a glowing silver altar of Zin.
  3200 | D:5      | Entered Level 5 of the Dungeon
  3215 | D:5      | Reached XP level 8. HP: 44/70 MP: 7/7
  3219 | D:5      | Reached skill level 9 in Axes
  3412 | D:5      | Found Linatish's Distillery.
  3472 | D:5      | Noticed a two-headed ogre
  3482 | D:5      | Killed a two-headed ogre
  3482 | D:5      | Reached skill level 10 in Axes
  3746 | D:5      | Reached XP level 9. HP: 62/80 MP: 8/8
  3848 | D:5      | Noticed Menkaure
  3855 | D:5      | Killed Menkaure
  4042 | D:5      | Found a staircase to the Ecumenical Temple.
  4055 | Temple   | Entered the Ecumenical Temple
  4084 | Temple   | Became a worshipper of Warmaster Okawaru
  4084 | Temple   | Reached * piety under Okawaru
  4084 | Temple   | Reached ** piety under Okawaru
  4169 | D:5      | Reached skill level 11 in Axes
  5737 | D:7      | Reached skill level 12 in Axes
  5781 | D:7      | Found Izach's Armour Emporium.
  6128 | D:8      | Noticed BrokenGlass's ghost (novice OpWn)
  6162 | D:8      | Killed BrokenGlass's ghost
  6162 | D:8      | Reached *** piety under Okawaru
  6162 | D:8      | Reached XP level 10. HP: 66/89 MP: 6/9
  6278 | D:8      | Noticed Maurice
  6295 | D:8      | Paralysed by something for 2 turns
  6309 | D:8      | Killed Maurice
  6337 | D:8      | Found a radiant altar of Vehumet.
  6458 | D:8      | Reached skill level 13 in Axes
  6519 | D:8      | Found a deep blue altar of Sif Muna.
  6709 | D:8      | Noticed a two-headed ogre
  6719 | D:8      | Killed a two-headed ogre
  6719 | D:8      | Reached skill level 10 in Fighting
  6887 | D:9      | Reached **** piety under Okawaru
  7446 | D:9      | Reached skill level 14 in Axes
  7449 | D:9      | Reached skill level 10 in Armour
  7769 | D:9      | Reached ***** piety under Okawaru
  7769 | D:9      | Reached XP level 11. HP: 99/99 MP: 10/10
  7840 | D:10     | Entered Level 10 of the Dungeon
  7852 | D:10     | Found a snail-covered altar of Cheibriados.
  8495 | D:10     | Noticed a two-headed ogre
  8514 | D:10     | Killed a two-headed ogre
  9078 | D:11     | Reached skill level 15 in Axes
  9273 | D:11     | Noticed a death yak
  9274 | D:11     | Noticed a death yak
  9284 | D:11     | Noticed a death yak
  9285 | D:11     | Noticed a death yak
  9285 | D:11     | Noticed a death yak
  9297 | D:11     | Killed a death yak
  9297 | D:11     | Received a gift from Okawaru
  9300 | D:11     | Noticed a death yak
  9306 | D:11     | Killed a death yak
  9327 | D:11     | Killed a death yak
  9344 | D:11     | Killed a death yak
  9366 | D:11     | Killed a death yak
  9391 | D:11     | Killed a death yak
  9391 | D:11     | Received a gift from Okawaru
  9427 | D:11     | Reached XP level 12. HP: 54/112 MP: 11/11
  9544 | D:11     | Found a staircase to the Lair.
  9828 | D:12     | Noticed a two-headed ogre
  9839 | D:11     | Killed a two-headed ogre
  9839 | D:11     | Reached skill level 16 in Axes
  9950 | D:12     | Noticed a two-headed ogre
  9965 | D:12     | Killed a two-headed ogre
 10339 | D:12     | Noticed a centaur warrior
 10351 | D:12     | Killed a centaur warrior
 10518 | D:12     | Found a staircase to the Orcish Mines.
 10973 | D:12     | Found Foahifed's Elemental Accessories.
 11096 | D:13     | Reached skill level 17 in Axes
 11217 | D:13     | Received a gift from Okawaru
 11335 | D:13     | Found Uhey's Changing Room.
 11398 | D:13     | Noticed a two-headed ogre
 11407 | D:13     | Killed a two-headed ogre
 11514 | D:13     | Noticed a two-headed ogre
 11518 | D:13     | Killed a two-headed ogre
 11579 | D:13     | Noticed a centaur warrior
 11585 | D:13     | Killed a centaur warrior
 11585 | D:13     | Reached skill level 1 in Invocations
 11713 | D:13     | Noticed a centaur warrior
 11729 | D:13     | Killed a centaur warrior
 11729 | D:13     | Reached ****** piety under Okawaru
 11729 | D:13     | Received a gift from Okawaru
 11876 | D:13     | Reached XP level 13. HP: 122/122 MP: 10/13
 12690 | D:14     | Found a gate to the Vaults.
 12756 | D:14     | Reached skill level 18 in Axes
 12835 | D:14     | Received a gift from Okawaru
 13008 | D:14     | Noticed BorisKarlOrff's ghost (adept GrBe)
 13042 | D:14     | Killed BorisKarlOrff's ghost
 13399 | D:15     | Entered Level 15 of the Dungeon
 13611 | D:15     | Found a staircase to the Depths.
 14071 | D:15     | Found Ilexesus's Antique Weapon Shop.
 14112 | D:15     | Found a blossoming altar of Fedhas.
 14458 | Orc:1    | Entered Level 1 of the Orcish Mines
 14463 | Orc:1    | Received a gift from Okawaru
 14463 | Orc:1    | Reached skill level 5 in Invocations
 14673 | Orc:1    | Reached XP level 14. HP: 104/132 MP: 13/16
 14926 | Orc:1    | Found a roughly hewn altar of Beogh.
 14950 | Orc:1    | Reached skill level 19 in Axes
 15211 | Orc:2    | Entered Level 2 of the Orcish Mines
 15211 | Orc:2    | Found a staircase to the Elven Halls.
 15258 | Orc:2    | Noticed a stone giant
 15292 | Orc:2    | Killed a stone giant
 15454 | Orc:2    | Noticed Azrael
 15496 | Orc:2    | Killed Azrael
 15673 | Orc:2    | Found a roughly hewn altar of Beogh.
 15709 | Orc:2    | Found Cyhupysasm's Book Shoppe.
 15809 | Orc:2    | Killed from afar by an orc sorcerer

Skill      XL: |  1  2  3  4  5  6  7  8  9 10 11 12 13 14 |
---------------+-------------------------------------------+-----
Axes           | 4 5 6 7 8 10 12 14 15 17 18 19 | 19.3
Armour         | 1 2 3 4 5 6 8 10 11 12 13 14 | 14.1
Fighting       | 4 5 6 7 9 10 12 13 14 | 14.6
Invocations    | 1 5 |  5.8
Dodging        | |  3.2
Stealth        | |  1.5

Action                   |  1- 3 |  4- 6 |  7- 9 | 10-12 | 13-15 || total
-------------------------+-------+-------+-------+-------+-------++-------
Melee: Hand axe          |    46 |    49 |       |       |       ||    95
       Headbutt          |     7 |    19 |    61 |   208 |   215 ||   510
       Whip              |       |    45 |   331 |   792 |   651 ||  1819
       Punch             |       |       |     1 |    10 |     6 ||    17
       Battleaxe         |       |       |       |       |    60 ||    60
Throw: Javelin           |       |       |     3 |     3 |       ||     6
Invok: Heroism           |       |       |     3 |    13 |    15 ||    31
       Finesse           |       |       |       |       |     1 ||     1
Evoke: Wand              |       |       |       |     4 |     1 ||     5
  Use: Scroll            |       |     1 |     3 |    12 |       ||    16
       Potion            |       |       |       |     1 |     7 ||     8
 Stab: Sleeping          |     2 |       |       |       |       ||     2
  Eat: Chunk             |     1 |     4 |    10 |    20 |    10 ||    45
       Ration            |       |       |       |       |     1 ||     1
Armor: Robe              |     2 |     4 |       |       |       ||     6
       Scale mail        |       |    19 |   140 |    31 |       ||   190
       Plate armour      |       |       |       |   354 |   313 ||   667
       Skin              |       |       |       |       |     7 ||     7
Dodge: Dodged            |    21 |    51 |   172 |   264 |   256 ||   764
